 Dungeon Crawl Stone Soup version 0.28.0-53-g5a82cb258f (webtiles) character file.

Game seed: 590303748657445614

443 issech the Skirmisher (level 6, -3/56 HPs)
             Began as a Minotaur Monk on May 28, 2022.
             Slain by a mummy (5 damage)
             ... in an ossuary.
             The game lasted 00:08:22 (3315 turns).

issech the Skirmisher (Minotaur Monk)               Turns: 3315, Time: 00:08:23

Health: -3/56      AC: 10    Str: 16    XL:     6   Next: 71%
Magic:  5/5        EV:  8    Int:  7    God:
Gold:   123        SH:  0    Dex: 14    Spells: 5/5 levels left

rFire   . . .      SeeInvis .   u - +0 morningstar
rCold   + . .      Faith    .   (no shield)
rNeg    . . .      Spirit   .   D - +0 chain mail
rPois   .          Reflect  .   (helmet restricted)
rElec   .          Harm     .   (no cloak)
rCorr   .          Rampage  .   v - +0 pair of gloves
Will    .....                   (no boots)
Stlth   ..........              (no amulet)
HPRegen 0.18/turn               e - ring of protection from cold
MPRegen 0.09/turn               m - ring of wizardry

@: no status effects
A: horns 2, retaliatory headbutt
a: no special abilities


You were in an ossuary.
You visited 1 branch of the dungeon, and saw 4 of its levels.
You also visited: Ossuary.

You collected 123 gold pieces.

Inventory:

Hand Weapons
 a - a +0 hand axe
 j - a +0 whip
 k - a +0 rapier
 n - a +2 vampiric dagger
 t - a +0 hand axe
 u - a +0 morningstar (weapon)
 y - a +0 spear
 A - a +0 club
 C - a +0 flail
 F - a +0 club
 I - a +0 flail
 R - a +0 quarterstaff
 S - a +0 dagger
Missiles
 h - 21 arrows
 r - 60 stones (quivered)
 s - 33 bolts
 w - 4 poisoned darts
 H - a boomerang
 N - a throwing net
Armour
 b - a +0 robe
 p - a +0 ring mail
 q - a +0 robe
 v - a +0 pair of gloves (worn)
 B - a +0 leather armour
 D - a +0 chain mail (worn)
 E - a +0 scale mail
 G - a +0 robe
 J - a +0 chain mail
 K - a +0 helmet
 L - a +0 helmet
 M - a +0 ring mail
Magical Staves
 Q - a staff of conjuration
Jewellery
 e - a ring of protection from cold (left hand)
 m - a ring of wizardry (right hand)
 O - an amulet of faith
Wands
 z - a wand of iceblast (10)
Scrolls
 d - a scroll of vulnerability {unknown}
 f - 3 scrolls of teleportation
 g - 3 scrolls of fog {unknown}
 o - 2 scrolls of noise {unknown}
 x - 2 scrolls of brand weapon {unknown}
 U - a scroll of silence {unknown}
 V - a scroll of amnesia {unknown}
Potions
 c - a potion of ambrosia {unknown}
 i - a potion of flight {unknown}
 l - a potion of mutation {unknown}
 P - a potion of curing {unknown}
 T - a potion of cancellation {unknown}


   Skills:
 + Level 5.0 Fighting
 + Level 2.5 Short Blades
 + Level 4.8(5.3) Axes
 + Level 3.5(4.7) Maces & Flails
 + Level 2.8 Armour
 + Level 4.3 Dodging
 + Level 2.1 Stealth


You had 5 spell levels left.
You didn't know any spells.
Your spell library contained the following spells:

 Spells                   Type           Power      Damage    Failure   Level
 Sting                    Tmut/Pois      0%         1d3       96%         1
 Poisonous Vapours        Pois/Air       0%         N/A       99%         2
 Olgreb's Toxic Radiance  Pois           0%         N/A       100%        4


Dungeon Overview and Level Annotations

Branches:
Dungeon (4/15)            Ossuary (1/1)
 Temple: D:4-7

Altars:

Shops:
D:1 *


Innate Abilities, Weirdness & Mutations

You have a pair of horns on your head.
You reflexively headbutt those who attack you in melee.


Message History

* * * LOW HITPOINT WARNING * * *
The water moccasin zombie closely misses you.
You closely miss the water moccasin zombie.
The water moccasin zombie is severely damaged.
The water moccasin zombie bites you.
* * * LOW HITPOINT WARNING * * *
You hit the water moccasin zombie.
You headbutt the water moccasin zombie, but do no damage.
The water moccasin zombie is severely damaged.
The water moccasin zombie bites you but does no damage. x2
You barely miss the water moccasin zombie.
You headbutt the water moccasin zombie.
The water moccasin zombie is almost destroyed.
The water moccasin zombie bites you but does no damage.
You completely miss the water moccasin zombie.
You headbutt the water moccasin zombie.
The water moccasin zombie is almost destroyed.
The water moccasin zombie bites you but does no damage. x2
Unknown command.
You barely miss the water moccasin zombie.
You headbutt the water moccasin zombie.
You destroy the water moccasin zombie!
Your Fighting skill increases to level 5!
You start resting.
A mummy comes into view.
A mummy is nearby!
There is an empty arch of ancient stone here.
You are too injured to fight recklessly!
There is an empty arch of ancient stone here.
You are too injured to fight recklessly!
Okay, then.
You hit the mummy but do no damage. The mummy hits you.
* * * LOW HITPOINT WARNING * * *
Unknown command.
You hit the mummy but do no damage.
A mummy comes into view.
You sock the mummy!
The mummy is heavily damaged.
The mummy hits you.
You die...

+.# #.M
'.# #.#
+.'
#.#####
+.#..∩#
###.'.M@#
#.'M#...#
###.#####
+.. #+#'
.# #


You could see 2 mummies.

Vanquished Creatures
  2 water moccasin zombies (Ossuary)
  3 centaur zombies (Ossuary)
  A bullfrog zombie (Ossuary)
  Jessica (D:3)
  Ijyb (D:2)
  A howler monkey zombie (Ossuary)
  3 mummies (Ossuary)
  2 adders
  2 worms
  A dart slug (D:2)
  7 orcs (D:3)
  8 endoplasms
  6 giant cockroaches
  4 hobgoblins
  4 jackals (D:3)
  3 quokkas
  5 ball pythons
  4 bats
  5 frilled lizards
  3 kobolds
  2 rats
68 creatures vanquished.

Vanquished Creatures (others)
  3 fungi (D:1)
  2 plants (D:1)
  4 withered plants (Ossuary)
9 creatures vanquished.

Grand Total: 77 creatures vanquished

Notes
Turn   | Place    | Note
-------+----------+-------------------------------------------
     0 | D:1      | issech the Minotaur Monk began the quest for the Orb.
     0 | D:1      | Reached XP level 1. HP: 19/19 MP: 0/0
    37 | D:1      | Found Pagru's Assorted Antiques.
   421 | D:1      | Reached XP level 2. HP: 27/27 MP: 1/1
   538 | D:1      | Found a faded altar of an unknown god.
  1196 | D:2      | Reached skill level 4 in Fighting
  1335 | D:2      | Reached XP level 3. HP: 33/33 MP: 2/2
  1812 | D:3      | Noticed Ijyb
  1822 | D:3      | Noticed Jessica
  1841 | D:2      | Killed Ijyb
  1842 | D:2      | Reached XP level 4. HP: 12/40 MP: 3/3
  2233 | D:3      | Reached skill level 1 in Armour
  2326 | D:3      | Killed Jessica
  2327 | D:3      | Reached skill level 1 in Short Blades
  2576 | D:3      | Reached XP level 5. HP: 46/47 MP: 4/4
  3193 | D:4      | Found a sand-covered staircase.
  3200 | Ossuary  | Entered an ossuary
  3225 | Ossuary  | Reached skill level 1 in Maces & Flails
  3239 | Ossuary  | Reached XP level 6. HP: 37/53 MP: 5/5
  3303 | Ossuary  | Reached skill level 5 in Fighting
  3313 | Ossuary  | HP: 1/56 [mummy (6)]
  3315 | Ossuary  | Slain by a mummy

Illustrated notes

Levels and vault maps discovered:
D:1:      saegor_arrival_simple_c, layout_basic,
          shapermc_ecumenical_altar_acropolis, serial_shops,
          nicolae_shop_overgrown_old_shop, minmay_quantized
D:2:      minmay_general_purpose_star, layout_loops_ring
D:3:      layout_loops_cross, uniq_jessica, uniq_ijyb
D:4:      layout_loops_ring, enter_ossuary_1, chequers_serial_rivers_marsh,
          uniq_robin
Ossuary:  ossuary_zaba_flooded

Skill      XL: |  1  2  3  4  5  6 |
---------------+-------------------+-----
Axes           | 4 |  4.8
Fighting       | 4 5 |  5.0
Dodging        | 4 |  4.3
Armour         | 1 2 |  2.8
Stealth        | 2 |  2.1
Short Blades   | 1 2 |  2.5
Maces & Flails | 1 3 |  3.5

Action                   |  1- 3 |  4- 6 || total
-------------------------+-------+-------++-------
Melee: Hand axe          |    60 |       ||    60
       Headbutt          |    25 |    30 ||    55
       Dagger            |    46 |    68 ||   114
       Punch             |     1 |     1 ||     2
       Morningstar       |       |    52 ||    52
Throw: Stone             |     1 |       ||     1
  Use: Scroll            |       |     1 ||     1
 Stab: Sleeping          |     1 |     1 ||     2
Armor: Robe              |     7 |       ||     7
       Ring mail         |    14 |     2 ||    16
       Chain mail        |       |    79 ||    79
Dodge: Dodged            |    47 |    54 ||   101
